 Dungeon Crawl Stone Soup version 0.31-a0-543-geaa9c7a2c0 (webtiles) character file.

Game seed: 8010568377677686395

1 GordonOverkill the Sneak (level 1, 0/11 HPs)
             Began as a Vine Stalker Delver on Aug 15, 2023.
             Was an Initiate of Vehumet.
             Succumbed to an adder's poison
             ... on level 3 of the Dungeon.
             The game lasted 00:03:30 (530 turns).

GordonOverkill the Sneak (Vine Stalker Delver)       Turns: 530, Time: 00:03:31

Health: 0/11       AC:  3    Str: 14    XL:     1   Next: 20%
Magic:  0/2        EV: 11    Int: 10    God:    Vehumet [......]
Gold:   72         SH:  0    Dex: 15    Spells: 0/0 levels left

rFire   . . .        a - +0 mace
rCold   . . .        (no shield)
rNeg    . . .        b - +0 leather armour
rPois   .            (no helmet)
rElec   .            (no cloak)
rCorr   .            (no gloves)
SInv    .            (no boots)
Will    .....        (no amulet)
Stlth   +++          (no ring)
HPRegen 0.21/turn    (no ring)
MPRegen 0.08/turn

%: guardian spirit
@: lethally poisoned (0 -> -6), hasted, very quick
A: fangs 2, magic shield, antimagic bite, no potion heal 2
a: Renounce Religion


You were on level 3 of the Dungeon.
You worshipped Vehumet.
Vehumet was noncommittal.
You visited 2 branches of the dungeon, and saw 5 of its levels.

You collected 72 gold pieces.

Inventory:

Hand Weapons
 a - a +0 mace (weapon)
Armour
 b - a +0 leather armour (worn)
Wands
 g - a wand of digging (1)
Scrolls
 c - a scroll of fog
 e - a scroll of fear
 h - a scroll of teleportation {unknown}
 j - 2 scrolls of identify {unknown}
 k - a scroll of amnesia {unknown}
 l - a scroll of summoning {unknown}
Potions
 d - a potion of heal wounds {unknown}
 i - a potion of might {unknown}


   Skills:
 + Level 2.8 Fighting
 - Level 1.7 Maces & Flails
 - Level 1.5 Dodging
 - Level 6.0 Stealth
 + Level 0.0 Spellcasting


You couldn't memorise any spells.
You didn't know any spells.
Your spell library contained the following spells:

 Spells                   Type           Power      Damage    Failure   Level
 Ozocubu's Armour         Ice            0%         N/A       82%         3
 Ozocubu's Refrigeration  Ice            0%         4d7       100%        7


Dungeon Overview and Level Annotations

Branches:
Dungeon (6/15)             Temple (1/1) D:4

Altars:
Ashenzari
Elyvilon
Fedhas
Kikubaaqudgha
Okawaru
Qazlal
Ru
Sif Muna
Vehumet
The Shining One

Annotations:
D:5 1 runed translucent door, MacCMillion's ghost, novice DrVM


Innate Abilities, Weirdness & Mutations

You have extremely sharp teeth.
When hurt, damage is shared between your health and your magic reserves.
Your bite disrupts and absorbs the magic of your enemies.
Potions cannot restore your health.


Message History

You pick up Ozocubu's Autobiography and begin reading...
You add the spells Ozocubu's Armour and Ozocubu's Refrigeration to your library.
The adder bites you. The adder bites you.
* * * LOW HITPOINT WARNING * * *
Okay, then.
You feel yourself speed up. The adder barely misses you.
There is a stone staircase leading up here.
The adder barely misses you.
You climb upwards.
There is a stone staircase leading down here.
You miss the adder. The adder bites you.
* * * LOW HITPOINT WARNING * * *
You are lethally poisoned!
The adder poisons you!
You barely miss the adder. Your bite misses the adder.
* * * LOW HITPOINT WARNING * * *
You feel sick. The adder closely misses you.
You miss the adder. You bite the adder. You drain its power.
You feel invigorated.
The adder is lightly wounded.
* * * LOW HITPOINT WARNING * * *
You feel sick. The adder bites you but does no damage.
You miss the adder. You bite the adder. You drain its power.
The adder is lightly wounded.
* * * LOW HITPOINT WARNING * * *
You feel sick. The adder bites you but does no damage.
You closely miss the adder. You bite the adder. You drain its power.
The adder is moderately wounded.
* * * LOW HITPOINT WARNING * * *
You feel sick. The adder barely misses you.
You hit the adder. Your bite misses the adder.
The adder is severely wounded.
* * * LOW HITPOINT WARNING * * *
You feel sick. The adder barely misses you. The adder bites you.
You are more poisoned.
The adder poisons you!
You barely miss the adder. Your bite misses the adder.
The adder is severely wounded.
You die...

## ##8###8
###8...8..
#.###.......
#..#@S......
#...##.......
#..###8...8..
.... ##8###8
### ##


You could see an adder.

Vanquished Creatures
  A ball python (D:4)
  A kobold (D:4)
2 creatures vanquished.

Notes
Turn   | Place    | Note
-------+----------+-------------------------------------------
     0 | D:5      | GordonOverkill the Vine Stalker Delver began the quest for
                  | the Orb.
     0 | D:5      | Reached XP level 1. HP: 11/11 MP: 2/2
    14 | D:6      | Noticed a jelly
    14 | D:6      | Noticed a water moccasin
    23 | D:6      | Noticed a black bear
    24 | D:6      | Noticed an orc warrior
    26 | D:6      | Noticed an orc priest
    36 | D:6      | Noticed an orc priest
    44 | D:6      | Noticed a black bear
    51 | D:6      | Noticed a jelly
    79 | D:5      | Noticed a jelly
   105 | D:5      | Noticed a black bear
   140 | D:4      | Noticed an ogre
   166 | D:4      | Noticed a wight
   206 | D:5      | Found a runed translucent door.
   206 | D:5      | Noticed MacCMillion's ghost (novice DrVM)
   225 | D:5      | Found a white marble altar of Elyvilon.
   228 | D:5      | Found a blossoming altar of Fedhas.
   297 | D:4      | Found a staircase to the Ecumenical Temple.
   340 | Temple   | Entered the Ecumenical Temple
   351 | Temple   | Became a worshipper of Vehumet
   448 | D:4      | Noticed an iguana
   504 | D:4      | Noticed a wight
   530 | D:3      | Succumbed to an adder's poison

Illustrated notes

Levels and vault maps discovered:
D:3:      layout_loops_ring, mainiacjoe_overflow_boulevard,
          nicolae_overflow_hidden_temple, minmay_unequal
D:4:      layout_gridville, minmay_temple_entry_tees
D:5:      nicolae_cairo_tiling, layout_gridville,
          mainiacjoe_overflow_large_starburst, serial_shops, shop,
          ebering_ghost_reflecting_pool, amcnicky_mini_pool_medium
D:6:      layout_gridville, chequers_serial_rivers_small_b
Temple:   hellmonk_temple_flake

Action                     || total
---------------------------++-------
  Melee: Mace              ||    15
         Bite              ||     4
         Punch             ||     1
  Evoke: Wand              ||     2
    Use: Scroll            ||     1
         Potion            ||     1
   Stab: Sleeping          ||     1
 Armour: Leather armour    ||     6
  Dodge: Dodged            ||     8

Table legend: (Time is in decaauts)
 A = Elapsed time spent in this place.
 B = Non-inter-level travel time spent in this place.
 C = Inter-level travel time spent in this place.
 D = Time resting spent in this place.
 E = Time spent auto-exploring this place.
 F = Levels seen in this place.
 G = Mean time per level.
                   A        B        C        D        E       F      G
               +--------+--------+--------+--------+--------+-----+--------+
         Total |    531 |    476 |     55 |     24 |      0 |   5 |  106.2 |
       Dungeon |    508 |    473 |     35 |     24 |      0 |   4 |  127.0 |
        Temple |     22 |      2 |     20 |      0 |      0 |   1 |   22.0 |
               +--------+--------+--------+--------+--------+-----+--------+

Top non-repeatable levels by time:
     D:4: 272 daAuts
     D:5: 186 daAuts
     D:6: 43 daAuts
  Temple: 22 daAuts
     D:3: 5 daAuts
